 Dungeon Crawl Stone Soup version 0.28-a0-706-gf6f64a616a (webtiles) character file.

Game seed: 2634594566825685441

14 KoroneIsBestGirl the Chiller (level 2, 0/19 HPs)
             Began as a Barachi Ice Elementalist on Oct 24, 2021.
             Slain by a goblin (3 damage)
             ... on level 1 of the Dungeon.
             The game lasted 00:00:29 (387 turns).

KoroneIsBestGirl the Chiller (BaIE)                  Turns: 387, Time: 00:00:30

Health: 0/19       AC:  2    Str:  9    XL:     2   Next: 45%
Magic:  0/5        EV: 12    Int: 15    God:
Gold:   0          SH:  0    Dex: 12    Spells: 5/6 levels left

rFire   . . .      SeeInvis .   c - +0 dagger
rCold   . . .      Faith    .   (no shield)
rNeg    . . .      Spirit   .   a - +0 robe
rPois   .          Reflect  .   (no helmet)
rElec   .          Harm     .   (no cloak)
rCorr   .          Rampage  .   (no gloves)
Will    .....                   (no boots)
Stlth   ++........              (no amulet)
HPRegen 0.06/turn               (no ring)
MPRegen 0.09/turn               (no ring)

@: slow
A: amphibious, slowness 1, strong legs 1, +LOS
a: Hop


You were on level 1 of the Dungeon.
You visited 1 branch of the dungeon, and saw 1 of its levels.

Inventory:

Hand Weapons
 c - a +0 dagger (weapon)
Armour
 a - a +0 robe (worn)
Potions
 b - a potion of magic {unknown}


   Skills:
 + Level 2.6 Dodging
 - Level 1.7 Stealth
 + Level 2.5 Spellcasting
 + Level 5.1 Ice Magic


You had 5 spell levels left.
You knew the following spells:

 Your Spells              Type           Power      Damage    Failure   Level
a - Freeze                Ice            68%        1d8       2%          1

Your spell library contained the following spells:

 Spells                   Type           Power      Damage    Failure   Level
 Frozen Ramparts          Ice            34%        1d5       8%          3
 Ozocubu's Armour         Ice            17%        N/A       8%          3
 Hailstorm                Conj/Ice       9%         3d4       58%         4


Dungeon Overview and Level Annotations

Branches:
Dungeon (1/15)

Altars:


Innate Abilities, Weirdness & Mutations

You are amphibious.
You cover ground slowly.
You can hop short distances.
You have an extended range of vision and can be seen from far away.


Message History

The dart slug is heavily wounded.
The dart slug closely misses you. The goblin barely misses you.
You are too depleted to draw on your mana recklessly!
You hit the dart slug but do no damage.
The dart slug is heavily wounded.
The goblin hits you but does no damage. The dart slug bites you.
You are too depleted to draw on your mana recklessly!
You hit the dart slug but do no damage.
The dart slug is heavily wounded.
The goblin closely misses you.
You hit the dart slug but do no damage.
The dart slug is heavily wounded.
The dart slug bites you. The goblin misses you.
You are too injured to fight recklessly!
You are too injured to fight recklessly!
You are too injured to fight recklessly!
You are too injured to fight recklessly!
You hit the dart slug but do no damage.
The dart slug is heavily wounded.
The goblin barely misses you.
The dart slug bites you but does no damage.
You hit the dart slug.
The dart slug is severely wounded.
The goblin hits you with a +0 club.
You hit the dart slug but do no damage.
The dart slug is severely wounded.
The dart slug barely misses you. The goblin hits you with a +0 club.
* * * LOW HITPOINT WARNING * * *
You hit the dart slug.
You kill the dart slug!
The goblin hits you but does no damage.
Casting: Freeze (safe; 2% risk of failure)
Confirm with . or Enter, or press ? or * to list all spells.
Aiming: Freeze (safe; 2% risk of failure)
Press: ? - help, Shift-Dir - straight line, f - goblin
Aim: a goblin, wielding a +0 club You freeze the goblin.
The goblin is severely wounded.
The goblin hits you with a +0 club.
You die...

#....................
#...............?....
#................$.$
#...................
#...................
#...................
#...................
#..................
#....@†...........
#.....g..........
#.......!.......
###...........
############


You could see a goblin.

Vanquished Creatures
  A dart slug (D:1)
  A goblin (D:1)
  2 quokkas (D:1)
  3 ball pythons (D:1)
  3 bats (D:1)
  2 kobolds (D:1)
12 creatures vanquished.

Notes
Turn   | Place    | Note
-------+----------+-------------------------------------------
     0 | D:1      | KoroneIsBestGirl the Barachi Ice Elementalist began the
                  | quest for the Orb.
     0 | D:1      | Reached XP level 1. HP: 13/13 MP: 3/3
   317 | D:1      | Reached skill level 5 in Ice Magic
   347 | D:1      | Reached XP level 2. HP: 19/19 MP: 3/5
   387 | D:1      | Slain by a goblin

Illustrated notes

Levels and vault maps discovered:
D:1:      co_arrival_square_in_a_square_in_a_square, layout_basic,
          ebering_ecumenical_altar_mist, wad_floor_pattern_2,
          wander_ebering_terrifying_dragon_lair

Skill      XL: |  1 |
---------------+----+-----
Ice Magic      | 5 |  5.1
Dodging        | |  2.6
Stealth        | |  1.7
Spellcasting   | |  2.5

Action                   || total
-------------------------++-------
Melee: Dagger            ||    13
       Unarmed           ||     2
 Cast: Freeze            ||    16
Armor: Robe              ||    10
Dodge: Dodged            ||    30

Table legend: (Time is in decaauts)
 A = Elapsed time spent in this place.
 B = Non-inter-level travel time spent in this place.
 C = Inter-level travel time spent in this place.
 D = Time resting spent in this place.
 E = Time spent auto-exploring this place.
 F = Levels seen in this place.
 G = Mean time per level.
                   A        B        C        D        E       F      G
               +--------+--------+--------+--------+--------+-----+--------+
         Total |    416 |    416 |      0 |      0 |    325 |   1 |  416.0 |
       Dungeon |    416 |    416 |      0 |      0 |    325 |   1 |  416.0 |
               +--------+--------+--------+--------+--------+-----+--------+

Top non-repeatable levels by time:
     D:1: 416 daAuts
